Map: Green Acres

Players

usuhuaya

  • Race: Terran Terran
  • Spawn Location: 6:00

kldadal

  • Race: Zerg Zerg
  • Spawn Location: 9:00

Krokenoster

  • Race: Zerg Zerg
  • Spawn Location: 7:00

ForceForce - Winner!

  • Race: Terran Terran
  • Spawn Location: 12:00

QueenAlice - Winner!

  • Race: Zerg Zerg
  • Spawn Location: 3:00

matiss - Winner!

  • Race: Zerg Zerg
  • League: Platinum
  • Spawn Location: 1:00

VOD

Have the link to the VOD?

Description

Time

  • Played on: May 19, 2017, 2:04 p.m.
  • Length: 7:17
Show
View Real Time Build Order
Export as new Build Order

usuhuaya Terran 

Build Orders:  

Get SALT Encoding   

    3:09  SCV  
  1  3:21  SCV  
Show
View Real Time Build Order
Export as new Build Order

kldadal Zerg 

Build Orders: Pool Only 

Get SALT Encoding   

  12  0:04  Drone  
  4  2:40  Drone x2  
  4  2:41  Drone  
  3  3:12  Drone  
  4  3:34  Drone  
  5  3:52  Drone  
  5  3:53  Drone  
  7  4:58  Spawning Pool  
  7  4:59  Drone  
  7  5:00  Drone  
  8  5:32  Drone x3  
Show
View Real Time Build Order
Export as new Build Order

Krokenoster Zerg 

Build Orders: Pool Only 

Get SALT Encoding   

  12  0:10  Drone  
  12  0:11  Drone  
  14  0:52  Spawning Pool  
  11  1:42  Drone x3  
  11  2:37  Drone x3  
  8  2:59  Drone x2  
  8  3:00  Queen  
  12  3:05  Extractor  
  12  3:07  Extractor  
  10  3:24  Spore Crawler  
  10  3:26  Drone  
  10  3:30  Drone  
  11  3:49  Drone x2  
  13  3:56  Zergling x2  
  14  4:08  Zergling x2  
  14  4:09  Zergling x2  
  14  4:21  Overlord x2  
  14  4:28  Spine Crawler  
  13  4:39  Queen  
  13  4:41  Zergling x2  
  13  4:42  Zergling x2  
  17  4:52  Zergling x2  
  18  5:04  Zergling x2  
  19  5:12  Evolution Chamber  
  18  5:25  Zergling x4  
  20  5:41  Drone x2  
  22  5:43  Metabolic Boost  
  22  5:54  Drone  
  23  6:12  Drone x2  
  23  6:13  Zergling x6  
Show
View Real Time Build Order
Export as new Build Order

ForceForce Terran - Winner!

Build Orders:  

Get SALT Encoding   

  12  0:02  SCV  
  13  0:31  Refinery  
  13  0:34  Supply Depot  
  13  0:36  SCV  
  14  0:48  SCV  
  15  0:58  Barracks  
  15  1:00  SCV  
  16  1:12  SCV  
  17  1:30  Barracks  
  17  1:37  SCV  
  18  1:45  Marine  
  19  1:57  Refinery  
  19  1:58  Factory  
  19  2:03  Marine  
  20  2:21  Marine  
  21  2:26  Marine  
  22  2:33  SCV  
  23  2:41  Marine  
  23  2:55  Orbital Command  
  23  2:56  Supply Depot  
  23  3:11  Factory Tech Lab  
  23  3:17  Marine x2  
  23  3:18  Supply Depot  
  25  3:23  SCV  
  25  3:25  Starport  
  26  3:35  Marine, SCV  
  26  3:41  Starport  
  28  3:42  Supply Depot  
  28  3:57  SCV  
  28  3:58  Marine x2  
  31  4:09  Starport Tech Lab  
  31  4:13  SCV  
  31  4:15  Marine, Siege Tank  
  31  4:16  Marine  
  37  4:32  Cloaking Field  
  37  4:33  Marine  
  37  4:34  Marine  
  37  4:35  Starport Tech Lab  
  39  4:46  Engineering Bay  
  39  4:51  Marine x2  
  41  4:53  Supply Depot  
  41  5:01  Banshee x2  
  47  5:14  Marine x2  
  49  5:32  Marine x2  
  49  5:34  Barracks  
  51  5:50  Marine  
  51  5:54  Banshee  
  55  6:07  Supply Depot  
  55  6:29  Marine x2, SCV, Banshee  
  61  6:41  SCV  
  61  6:46  Marine  
  62  6:54  Marine  
Show
View Real Time Build Order
Export as new Build Order

QueenAlice Zerg - Winner!

Build Orders: Pool First 

Get SALT Encoding   

  12  0:06  Drone  
  13  0:12  Overlord  
  13  0:51  Spawning Pool  
  13  0:52  Extractor  
  11  1:08  Hatchery  
  10  1:37  Zergling x2  
  10  1:38  Zergling x4  
  12  1:54  Zergling x2  
  13  2:03  Zergling x2  
  14  2:19  Zergling x2  
  14  2:21  Zergling x2  
  11  2:39  Zergling x2  
  11  2:40  Zergling x2  
  12  3:10  Drone  
  13  3:20  Zergling x2  
  13  3:26  Drone  
  15  3:28  Drone  
  16  3:38  Drone  
  16  4:17  Zergling x6  
  19  4:40  Evolution Chamber  
  18  4:47  Drone x2  
  18  4:48  Drone  
  18  4:51  Overlord x3  
  21  5:15  Drone x2  
  23  5:28  Metabolic Boost  
  23  5:31  Extractor  
  23  5:33  Drone x2  
  23  5:34  Drone  
  23  5:35  Drone  
  26  5:39  Drone  
  27  5:55  Baneling Nest  
  26  6:13  Zergling x6  
  26  6:16  Zergling x6  
  25  7:02  Roach Warren  
Show
View Real Time Build Order
Export as new Build Order

matiss Zerg - Winner!

Build Orders:  

Get SALT Encoding   

  12  0:02  Drone  
  13  0:08  Drone  
  14  0:18  Overlord  
  14  0:37  Drone  
  14  0:38  Drone x2  
  17  0:57  Hatchery  
  17  1:00  Drone  
  17  1:02  Drone  
    2:22  Drone  
  1  3:47  Hatchery  
    5:03  Drone  
  1  5:11  Drone  
  2  5:56  Drone  
  3  6:06  Drone x2  
  3  6:09  Drone  
  6  6:37  Drone x2  
  8  6:57  Drone x2  
  10  7:02  Drone  
Tags
 
Add a new tag
Caveats
  • Supply blocks, unpowered buildings, or Contaminate may cause inaccurate times.
  • Supply counts are checked every 10 seconds.